 Dungeon Crawl Stone Soup version 0.27.0-1-g7a089689b8 (webtiles) character file.

Game seed: 13728402406310627432

64609 ZombieSheep the Fighter (level 15, -5/126 HPs)
             Began as a Barachi Fighter on Aug 3, 2021.
             Was a High Priest of Dithmenos.
             Slain by a ghost moth (6 damage)
             ... on level 3 of the Abyss.
             The game lasted 01:00:01 (25537 turns).

ZombieSheep the Fighter (Barachi Fighter)          Turns: 25537, Time: 01:00:02

Health: -5/126     AC: 19    Str: 21      XL:     15   Next: 13%
Magic:  0/15       EV: 15    Int:  5 (8)  God:    Dithmenos [*****.]
Gold:   1152       SH: 13    Dex: 14 (15) Spells: 14/14 levels left

rFire    + . .     SeeInvis .   b - +3 scimitar (flame)
rCold    + + .     Faith    .   c - +0 kite shield
rNeg     . . .     Spirit   .   O - +2 scale mail {rPois}
rPois    +         Reflect  .   z - +1 helmet of Soij {Fly rC++}
rElec    .         Harm     .   V - +2 cloak
rCorr    +         Rampage  .   (no gloves)
Will     +....                  l - +0 pair of boots
Stlth    ..........             y - amulet of the acrobat
HPRegen  0.31/turn              J - ring of resist corrosion
MPRegen  0.14/turn              I - ring of protection from fire

@: afraid, on berserk cooldown, flying, wreathed by umbra, slow
A: amphibious, slowness 1, strong legs 2, +LOS
a: Hop, Renounce Religion, Shadow Step, Shadow Form


You were on level 3 of the Abyss.
You worshipped Dithmenos.
Dithmenos was extremely pleased with you.
You visited 2 branches of the dungeon, and saw 19 of its levels.
You visited the Abyss 1 time.

You collected 1152 gold pieces.

Inventory:

Hand Weapons
 a - a +4 scimitar of venom
 b - a +3 scimitar of flaming (weapon)
 G - a +3 falchion of freezing
Missiles
 F - 3 throwing nets
Armour
 c - a +0 kite shield (worn)
 j - the +10 tower shield of Ignorance {rN+ Int-4}
   (You found it on level 3 of the Lair of Beasts)

   Int:       It affects your intelligence (-4).
   rN:        It protects you from negative energy.
 l - a +0 pair of boots (worn)
 v - a scarf of shadows
 z - the +1 helmet of Soij (worn) {Fly rC++}
   (You acquired it on level 2 of the Lair of Beasts)

   rC:        It greatly protects you from cold.
   Fly:       It grants you flight.
 C - a +0 plate armour
 O - a +2 scale mail of poison resistance (worn)
 V - a +2 cloak (worn)
Jewellery
 m - a +4 ring of slaying
 o - a +4 ring of protection
 y - an amulet of the acrobat (around neck)
 I - a ring of protection from fire (right hand)
 J - a ring of resist corrosion (left hand)
 L - a ring of poison resistance
 N - an amulet of guardian spirit
 S - a ring of positive energy
Wands
 e - a wand of paralysis (18)
 u - a wand of polymorph (21)
 x - a wand of digging (5)
 A - a wand of charming (9)
 E - a wand of acid (12)
 M - a wand of iceblast (5)
 T - a wand of flame (82)
 X - a wand of mindburst (5)
Scrolls
 k - 2 scrolls of brand weapon
 n - a scroll of fog
 p - 3 scrolls of blinking
 r - 8 scrolls of magic mapping
 s - 5 scrolls of enchant armour
 K - a scroll of summoning
 P - 2 scrolls of fear
 Q - 4 scrolls of teleportation
 U - 2 scrolls of identify
Potions
 d - 6 potions of might
 f - 3 potions of invisibility
 g - 3 potions of resistance
 h - 5 potions of haste
 i - 3 potions of berserk rage
 q - 3 potions of ambrosia
 t - 2 potions of magic
 w - 2 potions of mutation
 B - 4 potions of curing
 H - a potion of flight
 R - 2 potions of lignification
 W - 2 potions of heal wounds


   Skills:
 + Level 14.1 Fighting
 + Level 13.9 Long Blades
 + Level 14.1 Armour
 + Level 12.7 Dodging
 + Level 13.1 Shields


You had 14 spell levels left.
You didn't know any spells.
Your spell library contained the following spells:

 Spells                   Type           Power      Damage    Failure   Level
 Summon Small Mammal      Summ           0%         N/A       80%         1
 Sublimation of Blood     Necr           0%         N/A       91%         2
 Call Canine Familiar     Summ           0%         N/A       99%         3
 Inner Flame              Hex/Fire       0%         N/A       99%         3
 Portal Projectile        Hex/Tloc       0%         N/A       99%         3
 Summon Guardian Golem    Hex/Summ       0%         N/A       99%         3
 Airstrike                Air            0%         N/A       100%        4
 Animate Dead             Necr           0%         N/A       100%        4
 Cause Fear               Hex            0%         N/A       100%        4
 Leda's Liquefaction      Hex/Erth       0%         N/A       100%        4
 Petrify                  Tmut/Erth      0%         N/A       100%        4
 Summon Lightning Spire   Summ/Air       0%         N/A       100%        4
 Bolt of Magma            Conj/Fire/Erth 0%         4d4       100%        5
 Irradiate                Conj/Tmut      0%         3d14      100%        5
 Lightning Bolt           Conj/Air       0%         1d11      100%        5
 Statue Form              Tmut/Erth      0%         N/A       100%        6
 Haunt                    Necr/Summ      0%         N/A       100%        7
 Discord                  Hex            0%         N/A       100%        8
 Infestation              Necr           0%         N/A       100%        8


Dungeon Overview and Level Annotations

Branches:
Dungeon (13/15)            Temple (0/1) D:7            Lair (6/6) D:8
 Shoals (0/4) Lair:3        Snake (0/4) Lair:4        Slime (0/5) Lair:5
    Orc (0/2) D:9
 Vaults: D:13-14

Altars:
Ashenzari
Cheibriados
Dithmenos
Elyvilon
Hepliaklqana
Kikubaaqudgha
Nemelex Xobeh
Okawaru
Qazlal
Ru
Sif Muna
Uskayaw
Xom
Yredelemnul
Zin
The Shining One
Jiyva

Shops:
D:1 *   D:9 *   D:13 (

Annotations:
D:5 2 transporters, RascalDebosk's ghost, novice DrBe
D:9 1 runed translucent door, ZombieSheep's ghost, journeyman OgBe
Lair:1 exclusion: oklob plant
Lair:2 1 runed translucent door, Beepinex's ghost, journeyman HOFi
Lair:3 2 transporters, Chaoticas's ghost, journeyman DjFE


Innate Abilities, Weirdness & Mutations

You are amphibious.
You cover ground slowly.
You can hop long distances.
You have an extended range of vision and can be seen from far away.


Message History

You block something's attack. x2
You barely miss the apocalypse crab.
The apocalypse crab is severely wounded.
The apocalypse crab misses you. You block the apocalypse crab's attack.
Something closely misses you. You block something's attack.
Something stings you but does no damage.
You hit the apocalypse crab but do no damage.
The apocalypse crab is severely wounded.
Your shadow hits the apocalypse crab but does no damage.
The apocalypse crab bites you. The apocalypse crab freezes you. You resist.
You block the apocalypse crab's attack.
You slash the apocalypse crab!
The apocalypse crab is almost dead.
You feel you are being watched by something.
Something hits you!
* * * LOW HITPOINT WARNING * * *
Something hits you.
* * * LOW HITPOINT WARNING * * *
You feel clumsy.
Something stings you but does no damage.
The satyr shoots an arrow.
You block the arrow.
You feel you are being watched by something.
You feel your power leaking away. Something hits you.
* * * LOW HITPOINT WARNING * * *
You feel dopey. Something hits you.
* * * LOW HITPOINT WARNING * * *
You feel dopey. Something closely misses you.
A thrashing horror comes into view.
The apocalypse crab misses you.
The apocalypse crab claws you but does no damage.
You slash the apocalypse crab!
You kill the apocalypse crab!
Dithmenos accepts your kill.
The satyr shoots an arrow.
The arrow hits you!!
* * * LOW HITPOINT WARNING * * *
Something hits you but does no damage. Something hits you.
You die...

####.. ..
..... .# #....
#...###+## .
#........#
#.#.....∩..##.
##.#.c.......#
##.8X5.#####.
. # . #.....@#
# ###.# #
.........###.
.... .# .
....8.....
....... # #.
#.#.....#..
.##...#. # # #
##..######
...# #.. # #..
#.. . ## ###
#..# # ## ##..
. . #### #..


You could see a satyr (scary), a thrashing horror and a quasit.

Vanquished Creatures
  A tentacled starspawn (Abyss:3)
  6 hydras
  2 boulder beetles
  An ogre mage (D:13)
  Erolcha (D:12)
  Erica (Lair:2)
  4 catoblepae
  17 death yaks
  7 two-headed ogres
  Urug (Lair:4)
  3 skeletal warriors (D:13)
  Pikel (D:8)
  A lindwurm (Lair:5)
  An orc knight (D:10)
  3 manticores
  2 cyclopes (D:12)
  5 elephants (Lair:6)
  Joseph (D:7)
  A worldbinder (Abyss:3)
  2 apocalypse crabs (Abyss:3)
  2 gargoyles
  8 black mambas
  A torpor snail (Lair:4)
  11 cane toads
  2 unseen horrors
  7 komodo dragons
  Maggie (D:6)
  2 rime drakes
  An efreet (D:13)
  4 trolls
  3 hornets
  A polar bear (Lair:1)
  Prince Ribbit (D:6)
  5 slime creatures (D:10)
  10 blink frogs
  11 dream sheep
  A large abomination (Abyss:3)
  2 shadows
  A vampire (D:12)
  2 wyverns
  Eustachio (D:5)
  29 yaks
  A basilisk (Lair:1)
  4 vampire mosquitoes
  A steam dragon (D:9)
  A warg (D:11)
  Edmund (D:6)
  Duvessa (D:7)
  A small abomination (Abyss:3)
  A floating eye (shapeshifter) (D:13)
  13 water moccasins
  2 hornet zombies
  3 orc warriors
  A sky beast (D:7)
  4 necrophages
  15 wolves
  7 centaurs
  3 ogres
  2 lemures (D:8)
  A kobold brigand (D:9)
  Blork the orc (D:6)
  11 bullfrogs
  A wyvern zombie (D:8)
  2 scorpions
  Dowan (D:7)
  5 electric eels (D:8)
  5 howler monkeys
  12 wights
  3 centaur zombies
  2 jellies
  A bullfrog skeleton (D:5)
  4 hounds
  6 orc priests
  Crazy Yiuf (D:3)
  A gnoll shaman (D:8)
  Jessica (D:3)
  Ijyb (D:4)
  7 hell rats
  9 orc wizards
  4 iguanas
  A hound skeleton (D:3)
  A mummy (D:10)
  11 gnolls
  6 adders
  A shadow imp (D:8)
  3 white imps
  2 ufetubi
  An adder skeleton (D:4)
  2 worms (D:2)
  2 dart slugs
  39 orcs
  8 endoplasms
  2 giant cockroaches
  8 goblins
  4 hobgoblins
  2 jackals (D:3)
  3 quokkas (D:2)
  3 ball pythons (D:1)
  3 bats
  2 frilled lizards
  7 kobolds
  A quokka skeleton (D:4)
  11 rats
430 creatures vanquished.

Vanquished Creatures (others)
  A hydra (Lair:3)
  2 orc wizards
  28 fungi
  43 plants
  9 withered plants (D:2)
83 creatures vanquished.

Grand Total: 513 creatures vanquished

Notes
Turn   | Place    | Note
-------+----------+-------------------------------------------
     0 | D:1      | ZombieSheep the Barachi Fighter began the quest for the
                  | Orb.
     0 | D:1      | Reached XP level 1. HP: 18/18 MP: 1/1
   197 | D:1      | Reached XP level 2. HP: 17/25 MP: 2/2
   396 | D:1      | Found Sunag's General Store.
   850 | D:1      | Reached skill level 1 in Dodging
  1085 | D:2      | Reached XP level 3. HP: 30/30 MP: 3/3
  1157 | D:2      | HP: 1/30 [adder (1)]
  1825 | D:2      | Reached XP level 4. HP: 37/37 MP: 4/4
  2097 | D:2      | Found a faded altar of an unknown god.
  2254 | D:3      | Reached XP level 5. HP: 43/43 MP: 5/5
  2263 | D:3      | Noticed a necrophage
  2281 | D:3      | Killed a necrophage
  2365 | D:3      | Reached XP level 6. HP: 45/49 MP: 6/6
  2438 | D:3      | Found a runed translucent door.
  2439 | D:3      | Noticed Crazy Yiuf
  2471 | D:3      | Noticed Jessica
  2481 | D:3      | Killed Jessica
  2508 | D:3      | Found a basalt altar of Yredelemnul.
  2523 | D:3      | Found a sacrificial altar of Ru.
  2528 | D:3      | Found a glowing silver altar of Zin.
  2576 | D:3      | Found a shadowy altar of Dithmenos.
  2602 | D:3      | Became a worshipper of Dithmenos the Shadowed
  2933 | D:3      | Killed Crazy Yiuf
  2934 | D:3      | Reached skill level 5 in Fighting
  3147 | D:4      | Reached skill level 5 in Armour
  3301 | D:4      | Reached * piety under Dithmenos
  3352 | D:4      | Noticed Ijyb
  3363 | D:4      | Killed Ijyb
  3366 | D:4      | Reached XP level 7. HP: 25/56 MP: 7/7
  3974 | D:5      | Entered Level 5 of the Dungeon
  4077 | D:5      | Found a transporter.
  4162 | D:5      | Noticed Eustachio
  4177 | D:5      | Killed Eustachio
  4178 | D:5      | Reached skill level 5 in Shields
  4313 | D:5      | Reached skill level 5 in Long Blades
  4498 | D:5      | Reached XP level 8. HP: 56/64 MP: 8/8
  4612 | D:5      | Found a transporter.
  4615 | D:5      | Noticed RascalDebosk's ghost (novice DrBe)
  5066 | D:6      | Noticed Maggie
  5075 | D:6      | Killed Maggie
  5264 | D:6      | Found a glowing golden altar of the Shining One.
  5332 | D:6      | Found a broken altar of Ashenzari.
  5332 | D:6      | Noticed Prince Ribbit
  5345 | D:6      | Killed Prince Ribbit
  5346 | D:6      | Reached skill level 5 in Dodging
  5361 | D:6      | Found a stormy altar of Qazlal.
  5373 | D:6      | Noticed Blork the orc
  5379 | D:6      | Reached XP level 9. HP: 57/72 MP: 9/9
  5384 | D:6      | Killed Blork the orc
  5505 | D:6      | Noticed Edmund
  5513 | D:6      | Killed Edmund
  5552 | D:6      | Reached ** piety under Dithmenos
  5850 | D:6      | Found a sparkling altar of Nemelex Xobeh.
  5978 | D:7      | Found a staircase to the Ecumenical Temple.
  6078 | D:7      | Noticed Dowan
  6079 | D:7      | Noticed Duvessa
  6093 | D:7      | Killed Dowan
  6094 | D:7      | Killed Duvessa
  6195 | D:7      | Found a hide-covered altar of Uskayaw.
  6350 | D:7      | Noticed Joseph
  6371 | D:7      | Killed Joseph
  7367 | D:7      | Reached XP level 10. HP: 66/80 MP: 10/10
  7436 | D:8      | Found a shimmering altar of Xom.
  8053 | D:8      | Noticed Pikel
  8088 | D:8      | Killed Pikel
  8575 | D:8      | Reached *** piety under Dithmenos
  8624 | D:8      | Found a staircase to the Lair.
  9200 | D:8      | Found an iron altar of Okawaru.
  9631 | D:9      | Noticed ZombieSheep's ghost (journeyman OgBe)
  9644 | D:9      | Found a runed translucent door.
 10183 | D:9      | Noticed a two-headed ogre
 10191 | D:9      | Killed a two-headed ogre
 10192 | D:9      | Reached XP level 11. HP: 89/89 MP: 11/11
 10289 | D:9      | Found a staircase to the Orcish Mines.
 10667 | D:9      | Found Egirph's Assorted Antiques.
 10701 | D:10     | Entered Level 10 of the Dungeon
 10858 | D:10     | Reached skill level 10 in Fighting
 11022 | D:10     | Found a white marble altar of Elyvilon.
 11045 | D:10     | Found a hazy altar of Hepliaklqana.
 11240 | D:10     | Reached skill level 10 in Armour
 11357 | D:10     | Found a snail-covered altar of Cheibriados.
 11543 | D:10     | Found an ancient bone altar of Kikubaaqudgha.
 11670 | D:10     | Found a shimmering blue altar of Sif Muna.
 11880 | Lair:1   | Entered Level 1 of the Lair of Beasts
 12761 | Lair:1   | Reached skill level 10 in Long Blades
 12918 | Lair:1   | Noticed an oklob plant
 12989 | Lair:1   | Noticed an eight-headed hydra
 13002 | Lair:1   | Killed an eight-headed hydra
 13196 | Lair:1   | Identified the -2 pair of boots "Ceschathi" {rN+ Int+4}
 13576 | Lair:2   | You fall into a shaft and drop 1 floor!
 13587 | Lair:3   | Noticed a catoblepas
 13589 | Lair:3   | Reached XP level 12. HP: 99/99 MP: 12/12
 13599 | Lair:3   | Found the +10 tower shield of Ignorance {rN+ Int-4}
 13604 | Lair:3   | Killed a catoblepas
 13605 | Lair:3   | Reached skill level 10 in Shields
 13804 | Lair:3   | Noticed a seven-headed hydra
 13824 | Lair:3   | Killed a seven-headed hydra
 13939 | Lair:3   | Found a staircase to the Shoals.
 14154 | Lair:3   | Found a transporter.
 14157 | Lair:3   | Noticed Chaoticas's ghost (journeyman DjFE)
 14158 | Lair:3   | Found a transporter.
 14367 | Lair:2   | Reached **** piety under Dithmenos
 14370 | Lair:2   | Noticed an eight-headed hydra
 14930 | Lair:2   | Killed an eight-headed hydra
 14932 | Lair:2   | Noticed Erica
 14943 | Lair:2   | Killed Erica
 15077 | Lair:2   | Found a runed translucent door.
 15082 | Lair:2   | Noticed Beepinex's ghost (journeyman HOFi)
 15353 | Lair:2   | Identified a scroll of acquirement
 15353 | Lair:2   | Acquired the +1 helmet of Soij {Fly rC++}
 15739 | Lair:4   | Reached skill level 10 in Dodging
 16348 | Lair:4   | Noticed Urug
 16364 | Lair:4   | Killed Urug
 16494 | Lair:4   | Found a staircase to the Snake Pit.
 16627 | Lair:4   | Noticed a five-headed hydra
 16631 | Lair:4   | Killed a two-headed hydra
 16923 | Lair:5   | Noticed a death yak
 16923 | Lair:5   | Noticed a death yak
 16923 | Lair:5   | Noticed a death yak
 16923 | Lair:5   | Noticed a death yak
 16939 | Lair:5   | Noticed a death yak
 16941 | Lair:5   | Noticed a death yak
 16943 | Lair:5   | Killed a death yak
 16959 | Lair:5   | Killed a death yak
 16960 | Lair:5   | Gained mutation: You can hop long distances. [Barachi
                  | growth]
 16960 | Lair:5   | Reached XP level 13. HP: 74/107 MP: 13/13
 17808 | Lair:5   | Found a staircase to the Slime Pits.
 17808 | Lair:5   | Found a viscous altar of Jiyva.
 17964 | Lair:6   | Entered Level 6 of the Lair of Beasts
 18099 | Lair:5   | Reached ***** piety under Dithmenos
 20151 | Lair:6   | Reached XP level 14. HP: 93/118 MP: 14/14
 23440 | D:12     | Noticed Erolcha
 23463 | D:12     | Killed Erolcha
 23672 | D:12     | Identified the +10 dagger of Zin's Condemnation {vorpal,
                  | Stlth+}
 25133 | D:13     | Reached XP level 15. HP: 101/126 MP: 15/15
 25136 | D:13     | Paralysed by a floating eye for 2 turns
 25216 | D:13     | Found Mejaeb's Weapon Shoppe.
 25444 | D:13     | Cast into level 3 of the Abyss (a wizard)
 25517 | Abyss:3  | Noticed a tentacled starspawn
 25524 | Abyss:3  | Killed a tentacled starspawn
 25537 | Abyss:3  | HP: 1/126 [satyr/arrow (21)]
 25537 | Abyss:3  | Slain by a ghost moth

Illustrated notes

Levels and vault maps discovered:
D:1:      mrwooster_arrival_statue_3, layout_basic, serial_shops,
          nicolae_shop_crystal
D:2:      layout_loops_ring, ebering_ecumenical_altar_petrified,
          dk_noncrumbling_3, minmay_quadrilaterals
D:3:      layout_rooms, amcnicky_altar_gilded, minmay_overflow_temple_star_quad,
          item_on_display_a, uniq_crazy_yiuf_cottage, uniq_jessica
D:4:      layout_basic, uniq_ijyb
D:5:      layout_loops_ring, gammafunk_ghost_arena, uniq_eustachio
D:6:      layout_gridville, mainiacjoe_overflow_alcove_1,
          general_overflow_altar, mainiacjoe_overflow_tiny_flanked,
          mainiacjoe_overflow_chevrons, minmay_misc_feat_secret_circle,
          grunt_ministairs_1, uniq_edmund, uniq_blork_the_orc, uniq_maggie,
          uniq_prince_ribbit1
D:7:      layout_loops_corners, nicolae_uskayaw_murder_on_the_dancefloor,
          minmay_temple_entry_steel_oval, uniq_duvessa, uniq_joseph
D:8:      layout_layer_cave, xom_teletrap_fun, okawaru_ov_weapons_minmay,
          erik_lair_island, uniq_pikel
D:9:      layout_rooms, orc_0_dummy, hellmonk_ghost_happy_afterlife,
          serial_shops, kennysheep_mini_moat
D:10:     layout_long_grid, marbit_many_paths, mainiacjoe_overflow_brackets,
          led_sif_pool, nicolae_overflow_hidden_temple, slow_altar_1
D:11:     layout_layer_cave
D:12:     layout_long_grid, uniq_erolcha
D:13:     layout_rooms, david_vaults_1, ebering_ghost_xom, serial_shops,
          shop_fountains, uniq_rupert
Lair:1:   layout_hall_layers, minivault_19, minmay_lair_oklob_chamber,
          serial_bayou_shore_b
Lair:2:   layout_misc_corridors, ebering_ghost_reflecting_pool,
          guppyfry_lair_drakes, infiniplex_staircase_pool, serial_bayou_shore_b,
          uniq_erica
Lair:3:   layout_misc_corridors, minmay_shoals_entry_centaurs,
          gammafunk_ghost_arena, minivault_25
Lair:4:   layout_regular_city, dummy_snake_entry,
          cheibrodos_lair_caveside_slide, chequers_serial_rivers_large_a,
          chequers_serial_rivers_room_b, uniq_urug
Lair:5:   layout_misc_corridors, slime_altar_1
Lair:6:   evilmike_catoblepas_cave, layout_gridlike,
          nicolae_quartered_pool_medium
Abyss:3:  base: D:12, base: D:15, hangedman_abyss_or_decor_jellyfish_corner,
          hangedman_abyss_sting, nicolae_abyss_rune_left_handed

Skill      XL: |  1  2  3  4  5  6  7  8  9 10 11 12 13 14 |
---------------+-------------------------------------------+-----
Dodging        | 1 2 3 4 5 6 8 9 10 11 12 | 12.7
Fighting       | 4 5 6 7 8 9 10 11 13 14 | 14.1
Long Blades    | 3 4 5 6 7 9 10 11 12 13 | 13.9
Armour         | 4 5 6 8 9 10 11 12 14 | 14.1
Shields        | 4 5 6 7 8 9 11 12 13 | 13.1

Action                   |  1- 3 |  4- 6 |  7- 9 | 10-12 | 13-15 || total
-------------------------+-------+-------+-------+-------+-------++-------
Melee: Long sword        |   110 |   137 |   215 |       |       ||   462
       Scimitar          |       |       |     5 |   566 |   768 ||  1339
       Short sword       |       |       |       |    40 |       ||    40
 Abil: Hop               |     2 |       |       |     3 |     5 ||    10
Evoke: Wand              |       |       |       |    21 |       ||    21
  Use: Scroll            |     3 |     8 |     7 |    13 |     4 ||    35
       Potion            |     1 |       |     1 |     4 |     2 ||     8
 Stab: Invisible         |       |       |     5 |     2 |       ||     7
Armor: Scale mail        |    59 |    47 |     2 |    11 |   231 ||   350
       Chain mail        |       |       |    27 |       |       ||    27
       Acid dragon scale |       |       |    44 |   159 |       ||   203
       Skin              |       |       |       |     1 |       ||     1
Dodge: Dodged            |    36 |    47 |    96 |   386 |   408 ||   973
Block: Kite shield       |    76 |    69 |   121 |   388 |   419 ||  1073
       Rpst.: Long sword |    11 |    19 |    28 |       |       ||    58
       Scimitar          |       |       |     1 |    84 |    88 ||   173
